 Seeded DCSS version 0.30.1 (webtiles) character file.

Game seed: 2982770835899368061 (custom seed)

28 CInkIbrahim the Slasher (level 3, 32/32 HPs)
             Began as an Armataur Berserker on July 10, 2023.
             Was a Follower of Trog.
             Quit the game on level 2 of the Dungeon.
             The game lasted 00:01:20 (723 turns).

CInkIbrahim the Slasher (Armataur Berserker)         Turns: 723, Time: 00:01:20

Health: 32/32      AC:  4    Str: 22    XL:     3   Next: 0%
Magic:  3/3        EV:  9    Int:  7    God:    Trog [*.....]
Gold:   40         SH:  0    Dex: 11    Spells: 2/2 levels left

rFire   . . .        a - +0 falchion
rCold   . . .        (no shield)
rNeg    . . .        b - +0 animal skin
rPois   .            (no helmet)
rElec   .            (no cloak)
rCorr   .            (no gloves)
SInv    .            (no barding)
Will    .....        (no amulet)
Stlth   +            (no ring)
HPRegen 0.25/turn    (no ring)
MPRegen 0.08/turn

%: roll
@: no status effects
A: large, rugged brown scales 3, deformed body, armoured tail, roll, long
tongue, awkward tongue
a: Renounce Religion, Berserk


You were on level 2 of the Dungeon.
You worshipped Trog.
Trog was aware of your devotion.
You visited 1 branch of the dungeon, and saw 2 of its levels.

You collected 40 gold pieces.

Inventory:

Hand Weapons
 a - a +0 falchion (weapon)
Armour
 b - a +0 animal skin (worn)
Scrolls
 d - a scroll of teleportation {unknown}
 f - a scroll of fog {unknown}
 g - a scroll of enchant weapon {unknown}
Potions
 c - 2 potions of curing {unknown}
 e - a potion of brilliance {unknown}
 h - a potion of invisibility {unknown}


   Skills:
 - Level 2.6 Fighting
 + Level 3.8 Long Blades
 - Level 2.4 Armour
 - Level 1.3 Dodging


You had 2 spell levels left.
You didn't know any spells.
Your spell library was empty.

Dungeon Overview and Level Annotations

Branches:
Dungeon (2/15)

Altars:

Shops:
D:1 =:


Innate Abilities, Weirdness & Mutations

You are completely covered in rugged brown scales. (AC +3, +7% HP)
Armour fits poorly on your strangely shaped body.
You have a long armoured tail.
You roll when moving toward enemies. (Rampage)
Your long tongue fully drains potion bottles. (2x potion effects)
Your tongue gives you trouble enunciating. (1.5x scroll delay)


Message History

You are too injured to fight recklessly!
You hit the quokka.
Your tail-slap misses the quokka.
The quokka is severely wounded.
The quokka bites you but does no damage.
You closely miss the quokka.
The quokka is severely wounded.
The quokka bites you but does no damage.
You barely miss the quokka.
The quokka is severely wounded.
The quokka bites you but does no damage.
The quokka barely misses you.
You hit the quokka but do no damage.
The quokka is severely wounded.
The quokka bites you.
You hit the quokka.
You kill the quokka!
Trog accepts your kill.
You see here a quokka corpse.
You start resting.
HP restored.
You start resting.
HP restored.
Okay, then.
A rat comes into view.
A rat is nearby!
You roll towards the rat!
You hit the rat.
You kill the rat!
Trog accepts your kill.
You now have 40 gold pieces (gained 2).
A ball python comes into view.
A ball python is nearby!
The helpless ball python fails to defend itself.
You hit the ball python.
You kill the ball python!
Trog accepts your kill.
You have reached level 3!
Your experience leads to an increase in your attributes!
Increase (S)trength, (I)ntelligence, or (D)exterity?
You feel agile. x2
Are you sure you want to abandon this character and quit the game? (Confirm with "yes".)

#.†..#..#.#..###.#
.... #...
#....#....#..# ..#
.... #...
####.#†.###..##.#
.....##...
#.#..........#
......'...
#.#...#....###
.##.<.
#............#
#...
###..####....#
#... #..........#
#... #.######@..#
###. #...........#
#. ########......#
#. .#.....# #. .
.....# #. ..
.....# #. ..
##.### ... .#


There were no monsters in sight!

Vanquished Creatures
  2 endoplasms (D:1)
  A giant cockroach (D:1)
  4 goblins
  A hobgoblin (D:1)
  4 quokkas
  4 ball pythons
  A bat (D:2)
  2 frilled lizards (D:1)
  4 kobolds
  4 rats
27 creatures vanquished.

Notes
Turn   | Place    | Note
-------+----------+-------------------------------------------
     0 | D:1      | CInkIbrahim the Armataur Berserker began the quest for the
                  | Orb.
     0 | D:1      | Reached XP level 1. HP: 19/19 MP: 1/1
    64 | D:1      | Reached skill level 3 in Long Blades
    74 | D:1      | Reached XP level 2. HP: 19/26 MP: 2/2
   200 | D:1      | Found Oxzy's Book Boutique.
   322 | D:1      | Found Ycaleat's Jewellery Shop.
   723 | D:2      | Reached XP level 3. HP: 32/32 MP: 3/3
   723 | D:2      | Quit the game

Illustrated notes

Levels and vault maps discovered:
D:1:      dpeg_arrival_solitude, layout_basic, serial_shops, shop,
          shop_fountains
D:2:      layout_basic, st_stairs_1

Skill      XL: |  1 |
---------------+----+-----
Long Blades    | 3 |  3.8
Fighting       | |  2.6
Armour         | |  2.4
Dodging        | |  1.3

Action                     || total
---------------------------++-------
  Melee: Falchion          ||    74
         Tailslap          ||     4
         Punch             ||     1
 Invoke: Berserk           ||     1
   Stab: Sleeping          ||     1
 Armour: Animal skin       ||    29
  Dodge: Dodged            ||    23
